 Dungeon Crawl Stone Soup version 0.31-a0-187-gba352fbbf7 (webtiles) character file.

Game seed: 9217498962847825262

68 qw the Shooter (level 4, -8/25 HPs)
             Began as a Deep Elf Hunter on June 22, 2023.
             Killed by divine providence
             ... invoked by an orc priest
              (10 damage)
             ... on level 3 of the Dungeon.
             The game lasted 00:01:08 (1805 turns).

qw the Shooter (Deep Elf Hunter)                    Turns: 1805, Time: 00:01:09

Health: -8/25      AC:  6    Str: 10    XL:     4   Next: 1%
Magic:  6/6        EV: 11    Int: 14    God:
Gold:   110        SH:  0    Dex: 18    Spells: 3/3 levels left

rFire   . . .        Y - +1 shortbow
rCold   . . .        (shield currently unavailable)
rNeg    . . .        h - +0 ring mail
rPois   .            (no helmet)
rElec   .            (no cloak)
rCorr   .            (no gloves)
SInv    .            j - +0 pair of boots
Will    .....        (no amulet)
Stlth   +            (no ring)
HPRegen 0.24/turn    (no ring)
MPRegen 0.10/turn

%: no passive effects
@: no status effects
A: no striking features
a: no special abilities


You were on level 3 of the Dungeon.
You visited 1 branch of the dungeon, and saw 3 of its levels.

You collected 150 gold pieces.
You spent 40 gold pieces at shops.


   Skills:
 - Level 1.5 Fighting
 + Level 7.4 Ranged Weapons
 - Level 2.4 Dodging
 - Level 1.2 Stealth


You had 3 spell levels left.
You didn't know any spells.
Your spell library was empty.

Inventory:

Hand Weapons
 Y - a +1 shortbow (weapon)
Armour
 h - a +0 ring mail (worn)
 j - a +0 pair of boots (worn)
Scrolls
 a - a scroll of identify
Potions
 c - a potion of curing {unknown}
 d - a potion of haste {unknown}
 f - a potion of lignification {unknown}
 g - a potion of enlightenment

Dungeon Overview and Level Annotations

Branches:
Dungeon (3/15)

Altars:

Shops:
D:1 [


Message History

You shoot an arrow. The arrow hits the orc.
The orc is lightly wounded.
You shoot an arrow.
The arrow hits the orc but does no damage.
The orc is lightly wounded.
You shoot an arrow. The arrow barely misses the orc.
The arrow hits the orc wizard but does no damage.
The orc closely misses you.
You shoot an arrow. The arrow hits the orc!
You kill the orc!
The orc wizard points at you and mumbles some strange words.
The puff of flame hits you!
You have reached level 4!
You feel clever.
You shoot an arrow.
The arrow closely misses the orc wizard.
The arrow hits the orc.
The orc is lightly wounded.
You shoot an arrow. The arrow hits the orc wizard!
The orc wizard is heavily wounded.
The orc wizard barely misses you.
The orc wizard points at you and mumbles some strange words.
The magic dart hits you.
You shoot an arrow.
The arrow hits the orc wizard but does no damage.
The orc wizard is moderately wounded.
The orc wizard barely misses you.
You shoot an arrow. The arrow hits the orc wizard.
The orc wizard is severely wounded.
The orc wizard hits you but does no damage.
You shoot an arrow.
The arrow hits the orc wizard but does no damage.
The orc wizard is severely wounded.
The orc wizard hits you but does no damage.
The orc priest mumbles some strange prayers to Beogh against you.
Beogh smites you!
You shoot an arrow. The arrow hits the orc wizard!
You kill the orc wizard!
The orc priest mumbles some strange prayers to Beogh against you.
Beogh smites you!
You die...

... #.# #.# #.#
#.# #.# #.# oo.~
#.# #.# .... #@#
#.# o.... #o#
#.# ..o.. #o#
#.#.o...~
#o######.#......
#o....##........
#####...oo......
#..###.####.
#..# # #..#


You could see an orc priest, an orc wizard and 2 orcs.

Vanquished Creatures
  An orc wizard (D:3)
  2 adders (D:2)
  2 dart slugs
  2 orcs (D:3)
  4 ball pythons
  6 bats
  3 endoplasms (D:1)
  3 giant cockroaches
  4 goblins
  5 hobgoblins
  2 frilled lizards (D:1)
  2 kobolds
  7 rats
43 creatures vanquished.

Notes
Turn   | Place    | Note
-------+----------+-------------------------------------------
     0 | D:1      | qw the Deep Elf Hunter began the quest for the Orb.
     0 | D:1      | Reached XP level 1. HP: 12/12 MP: 3/3
     0 | D:1      | 0 ||| qw: Version: 0.3-a-9-g12657ce
     0 | D:1      | 0 ||| qw: Game counter: 2232
     0 | D:1      | 0 ||| qw: Always use a shield: true
     0 | D:1      | 0 ||| qw: God list: Okawaru
     0 | D:1      | 0 ||| qw: Allow faded altars: false
     0 | D:1      | 0 ||| qw: Do Orc after D:15 true
     0 | D:1      | 0 ||| qw: Do second Lair branch before Depths: true
     0 | D:1      | 0 ||| qw: Lair rune preference: random
     0 | D:1      | 0 ||| qw: Plans: Normal
     0 | D:1      | 0 ||| PLANNING D:1-11
   118 | D:1      | Reached XP level 2. HP: 16/16 MP: 4/4
   123 | D:1      | Reached skill level 6 in Ranged Weapons
   136 | D:1      | Found a faded altar of an unknown god.
   165 | D:1      | Found Juykunlu's Armour Emporium.
   174 | D:1      | 174 ||| BUYING +0 ring mail (40 gold).
   174 | D:1      | Bought a +0 ring mail for 40 gold pieces
   174 | D:1      | 174 ||| SHOPLISTING +0 scale mail "Plog" {Fly rC- rCorr
                  | Dex+6} (243 gold, have 13).
   174 | D:1      | 174 ||| SHOPLISTING +2 ring mail of poison resistance (180
                  | gold, have 13).
   421 | D:1      | You fall into a shaft and drop 1 floor!
   433 | D:2      | Reached XP level 3. HP: 18/20 MP: 5/5
   554 | D:2      | 554 ||| UPGRADING to +0 ring mail.
   564 | D:2      | 564 ||| DROPPING +0 leather armour.
   565 | D:2      | 565 ||| READING scroll labelled EREILL YFIHE.
   601 | D:2      | 601 ||| READING scroll labelled KEOGAL INOI.
   602 | D:2      | 602 ||| READING scroll labelled JELOGUCEJA.
   603 | D:2      | 603 ||| DRINKING 2 sedimented silvery potions.
   604 | D:2      | 604 ||| DROPPING scroll of butterflies.
   930 | D:2      | Reached skill level 7 in Ranged Weapons
  1710 | D:2      | 1710 ||| UPGRADING to +0 pair of boots.
  1715 | D:2      | 1715 ||| READING scroll labelled MAN REHIKE.
  1716 | D:2      | 1716 ||| READING scroll labelled TESCHI NAROSKI.
  1717 | D:2      | 1717 ||| READING scroll labelled LOTA VAZOVACACH.
  1744 | D:3      | 1744 ||| Stepping ~*~*~tactically~*~*~ (outnumbered).
  1745 | D:3      | 1745 ||| FLEEEEING.
  1746 | D:3      | 1746 ||| FLEEEEING.
  1750 | D:3      | 1750 ||| FLEEEEING.
  1751 | D:3      | 1751 ||| FLEEEEING.
  1752 | D:3      | 1752 ||| STAIRDANCE
  1800 | D:3      | Reached XP level 4. HP: 16/25 MP: 6/6
  1804 | D:3      | HP: 2/25 [orc priest/divine providence (10)]
  1805 | D:3      | Killed from afar by an orc priest

Levels and vault maps discovered:
D:1:      dpeg_arrival_orchard, layout_rooms, serial_shops, nicolae_shop_trees,
          chequers_ecumenical_altar_simple, serial_curves, eino_curves_01,
          eino_curves_02, eino_curves_02, eino_curves_02
D:2:      layout_basic
D:3:      cheibrodos_pilgrimage, layout_loops_ring,
          mainiacjoe_overflow_big_doors

Skill      XL: |  1  2  3 |
---------------+----------+-----
Ranged Weapons | 6 7 |  7.4
Fighting       | |  1.5
Dodging        | |  2.4
Stealth        | |  1.2

Action                     |  1- 3 |  4- 6 || total
---------------------------+-------+-------++-------
   Fire: Shortbow          |    95 |     6 ||   101
    Use: Scroll            |     6 |       ||     6
         Potion            |     1 |       ||     1
 Armour: Leather armour    |     5 |       ||     5
         Ring mail         |     8 |     2 ||    10
  Dodge: Dodged            |    13 |     2 ||    15

Table legend:
 A = Non-vault XP
 B = Vault XP
 C = Vault XP percentage of total XP
 D = Non-vault monster count
 E = Vault monster count
 F = Vault count percentage of total count
                 A         B        C        D         E       F
            +---------+---------+-------+---------+---------+-------
      Total |      92 |      43 |  31.9 |      40 |       3 |   7.0
            +---------+---------+-------+---------+---------+-------
        D:1 |      39 |       0 |   0.0 |      22 |       0 |   0.0
        D:2 |      53 |       0 |   0.0 |      18 |       0 |   0.0
        D:3 |       0 |      43 | 100.0 |       0 |       3 | 100.0
            +---------+---------+-------+---------+---------+-------
